 Dungeon Crawl Stone Soup version 0.23-a0-241-g3b46b07 (webtiles) character file.

370 namelastname112 the Skirmisher (level 6, -11/56 HPs)
             Began as a Draconian Wanderer on Sept 26, 2018.
             Mangled by an ogre
             ... wielding a +0 giant club
              (29 damage)
             ... on level 4 of the Dungeon.
             The game lasted 00:03:13 (2420 turns).

namelastname112 the Skirmisher (Draconian Wanderer) Turns: 2420, Time: 00:03:14

Health: -11/56     AC:  6    Str: 15    XL:     6   Next: 42%
Magic:  6/6        EV: 13    Int: 11    God:
Gold:   154        SH:  0    Dex: 13    Spells: 5/5 levels left

rFire    . . .     SeeInvis +   a - +2 mace
rCold    . . .     Gourm    .   (no shield)
rNeg     . . .     Faith    .   (armour unavailable)
rPois    .         Spirit   .   (helmet restricted)
rElec    .         Reflect  .   (no cloak)
rCorr    .         Harm     .   (no gloves)
MR       .....     Rnd*Tele +   (no boots)
Stlth    +.........             (no amulet)
HPRegen  0.18/turn              g - ring of teleportation (curse)
MPRegen  0.10/turn              k - ring of see invisible

@: no status effects
A: unfitting armour, cold-blooded, AC +6
a: no special abilities


You were on level 4 of the Dungeon.
You were not hungry.

You visited 1 branch of the dungeon, and saw 4 of its levels.

You collected 154 gold pieces.

Inventory:

Hand Weapons
 a - a +2 mace (weapon)
Jewellery
 g - a cursed ring of teleportation (left hand)
 k - a ring of see invisible (right hand)
Scrolls
 h - 2 scrolls of identify {unknown}
 i - 2 scrolls of teleportation {unknown}
 m - 2 scrolls of noise {unknown}
 n - 2 scrolls of blinking {unknown}
 o - a scroll of amnesia {unknown}
 q - a scroll of enchant weapon {unknown}
 s - a scroll of random uselessness {unknown}
Potions
 b - a potion of lignification
 c - 3 potions of curing
 e - a potion of flight {unknown}
 f - a potion of agility {unknown}
 j - 3 potions of degeneration {unknown}
 l - a potion of heal wounds {unknown}
 p - a potion of haste {unknown}
 r - a potion of ambrosia {unknown}
Comestibles
 d - 4 rations


   Skills:
 + Level 5.3 Fighting
   Level 2.0 Short Blades
 + Level 4.8 Maces & Flails
 + Level 3.2 Dodging
   Level 1.0 Shields
   Level 1.0 Evocations


You had 5 spell levels left.
You didn't know any spells.
Your spell library was empty.

Dungeon Overview and Level Annotations

Branches:
Dungeon (4/15)
 Temple: D:4-7

Altars:
Cheibriados
Fedhas


Innate Abilities, Weirdness & Mutations

Your plain brown scales are hard. (AC +6)
You cannot fit into any form of body armour.
You are cold-blooded and may be slowed by cold attacks.


Message History

An ogre comes into view. It is wielding a giant club.
The ogre shouts!
An ogre is nearby!
An ogre is nearby!
The ogre hits you with a giant club!!
You take 18 damage, and have 38/56 hp.
MASSIVE DAMAGE!!
An ogre is nearby!
You barely miss the ogre. The ogre hits you with a giant club!!
You take 21 damage, and have 17/56 hp.
MASSIVE DAMAGE!!
An ogre is nearby!
You are too injured to fight recklessly!
An ogre is nearby!
You are too injured to fight recklessly!
You are too injured to fight recklessly!
You are too injured to fight recklessly!
You hit the ogre.
Your tail-slap misses the ogre.
The ogre is lightly wounded.
The ogre hits you with a giant club!!
Ouch! That really hurt!
You die...

#........#
#.#.
########.#
#.## #.#
#.# #.#
#.# #.#
#.# #.#
#.# #@#
#O# #.#
#.# #.#
#.# ..#
###


You could see an ogre.

Vanquished Creatures
  Sigmund (D:2)
  A howler monkey (D:4)
  A worker ant (D:4)
  3 gnolls (D:3)
  6 adders
  An ooze (D:1)
  3 dart slugs
  3 leopard geckos
  An orc (D:3)
  5 bats
  4 giant cockroaches
  7 goblins
  7 hobgoblins
  2 quokkas (D:3)
  A ball python (D:3)
  4 frilled lizards
  9 kobolds
  4 rats
63 creatures vanquished.

Notes
Turn   | Place    | Note
-------+----------+-------------------------------------------
     0 | D:1      | namelastname112 the Draconian Wanderer began the quest for
                  | the Orb.
     0 | D:1      | namelastname112 set off with: a +2 mace, a potion of
                  | lignification, a potion of curing, a ration
     0 | D:1      | Reached XP level 1. HP: 19/19 MP: 1/1
   112 | D:1      | Reached XP level 2. HP: 8/26 MP: 2/2
   380 | D:1      | Reached skill level 1 in Dodging
   717 | D:1      | Reached XP level 3. HP: 30/33 MP: 3/3
   819 | D:2      | Found a snail-covered altar of Cheibriados.
  1072 | D:2      | Noticed Sigmund
  1083 | D:2      | Killed Sigmund
  1083 | D:2      | Reached skill level 4 in Fighting
  1083 | D:2      | Reached XP level 4. HP: 26/41 MP: 4/4
  1083 | D:2      | Reached XP level 5. HP: 30/47 MP: 5/5
  1598 | D:3      | Reached skill level 5 in Fighting
  1730 | D:3      | Reached XP level 6. HP: 43/56 MP: 6/6
  2035 | D:3      | Found a blossoming altar of Fedhas.
  2420 | D:4      | Mangled by an ogre

Vault maps used:
D:1:      elethiomel_arrival_maze
D:2:      cheibriados_altar_1, uniq_sigmund
D:3:      fedhas_altar_3
D:4:      minmay_diamond_boxcup

Skill      XL: |  1  2  3  4  5  6 |
---------------+-------------------+-----
Dodging        | 1 2 3 |  3.2
Fighting       | 4 5 |  5.3
Maces & Flails | 4 |  4.8
Short Blades   | |  2.0
Shields        | |  1.0
Evocations     | |  1.0

Action                   |  1- 3 |  4- 6 || total
-------------------------+-------+-------++-------
Melee: Mace              |    72 |   130 ||   202
       Tailslap          |     4 |    10 ||    14
 Stab: Sleeping          |       |     2 ||     2
  Eat: Chunk             |       |     5 ||     5
Armor: Skin              |    23 |    57 ||    80
Dodge: Dodged            |    44 |   141 ||   185

Table legend:
 A = Non-vault XP
 B = Vault XP
 C = Vault XP percentage of total XP
 D = Non-vault monster count
 E = Vault monster count
 F = Vault count percentage of total count
                 A         B        C        D         E       F
            +---------+---------+-------+---------+---------+-------
      Total |     309 |     220 |  41.6 |      62 |       1 |   1.6
            +---------+---------+-------+---------+---------+-------
        D:1 |      47 |       0 |   0.0 |      23 |       0 |   0.0
        D:2 |      36 |     220 |  85.9 |       8 |       1 |  11.1
        D:3 |     136 |       0 |   0.0 |      28 |       0 |   0.0
        D:4 |      90 |       0 |   0.0 |       3 |       0 |   0.0
            +---------+---------+-------+---------+---------+-------
